Predators vs Red Wings
Created - 14 décembre 2014 at 19:16
Goals
|
| Predators |
0 |
0 |
1 |
1 |
| Red Wings |
1 |
1 |
0 |
2 |
|
Shots
|
| Predators |
3 |
4 |
15 |
22 |
| Red Wings |
8 |
11 |
9 |
28 |
|
1st period
1. Red Wings , Mike Richards 15 (Teemu Selanne, Jonathan Quick) at 4:39
Penalties :
Robert Dome (Det) for Holding (Minor) at 0:58, Robyn Regehr (Nas) for Roughing (Minor) at 8:46
2nd period
2. Red Wings , Jason Spezza 24 (Rick Nash, Martin Havlat) at 2:33 (PP)
Penalties :
Danny Richmond (Nas) for Interference (Minor) at 2:20, Alexander Steen (Nas) for Slashing (Minor) at 6:32, Brad Boyes (Nas) for Roughing (Minor) at 9:12, Michal Grosek (Det) for Holding (Minor) at 19:33
3rd period
3. Predators , Kris Vernarsky 7 (Ryan Mcdonagh) at 3:06
Penalties :
Shea Weber (Det) for Holding (Minor) at 10:07, Maxim Kondratiev (Det) for Holding (Minor) at 13:22
Goalie Stats
Steve Mason (Nas), 26 saves from 28 shots - (0,929), L, 3-4-0, 59:01 minutes
Jonathan Quick (Det), 21 saves from 22 shots - (0,955), W, 19-11-2, 60:00 minutes
Players Stats for Predators
Player Name G A P +/- PIM S H SB GA TA FO MP PP MP PK MP
------------------------------------------------------------------------------------
Alexander Edler 0 0 0 0 0 2 1 1 0 2 0/0 25:49 5:14 3:14
Alexander Ovechkin 0 0 0 -1 0 4 3 1 3 0 2/5 23:53 4:09 3:30
Alexander Steen 0 0 0 0 2 1 0 1 0 0 0/0 19:03 3:47 0:16
Barret Jackman 0 0 0 0 0 0 0 1 0 0 0/0 6:57 0:00 0:12
Brad Boyes 0 0 0 0 2 2 1 0 0 1 0/0 17:51 3:47 0:00
Danny Richmond 0 0 0 0 2 1 1 3 0 1 0/0 25:32 5:14 3:01
David Van Der Gulik 0 0 0 0 0 0 0 0 0 0 0/0 7:03 0:00 0:00
Georges Laraque 0 0 0 1 0 1 0 2 0 0 0/1 12:40 0:00 3:14
Joe Thornton 0 0 0 -1 0 5 1 1 0 0 10/25 22:30 4:05 1:53
Josef Vasicek 0 0 0 0 0 2 2 0 0 0 8/14 17:58 3:47 0:00
Kent Huskins 0 0 0 0 0 0 0 0 0 0 0/0 10:19 0:00 1:07
Kris Vernarsky 1 0 1 1 0 1 1 0 0 1 1/1 15:04 0:04 0:00
Michael Grabner 0 0 0 -1 0 2 2 0 0 0 1/1 20:21 4:05 1:16
Oleg Saprykin 0 0 0 1 0 0 0 1 0 0 0/0 16:09 0:04 1:59
Oliver Ekman-Larsson 0 0 0 0 0 1 1 1 0 0 0/0 8:51 0:00 0:00
Paul Mara 0 0 0 0 0 0 0 0 0 1 0/0 6:40 0:00 0:00
Robyn Regehr 0 0 0 0 2 0 0 0 1 0 0/0 17:29 2:42 2:02
Ryan Mcdonagh 0 1 1 0 0 0 1 1 0 0 0/0 19:37 2:42 2:56
Players Stats for Red Wings
Player Name G A P +/- PIM S H SB GA TA FO MP PP MP PK MP
------------------------------------------------------------------------------------
Brian Sutherby 0 0 0 -1 0 2 2 0 1 0 1/1 9:01 0:00 0:16
Christian Backman 0 0 0 0 0 0 1 0 0 0 0/0 15:42 2:25 0:01
Christian Laflamme 0 0 0 0 0 0 0 0 0 0 0/0 17:31 0:43 3:38
Jason Spezza 1 0 1 1 0 4 0 2 3 0 15/25 22:15 3:21 4:43
Lee Stempniak 0 0 0 -1 0 1 0 0 0 0 0/0 8:45 0:00 0:00
Martin Havlat 0 1 1 1 0 2 2 0 0 0 0/0 17:14 3:27 0:00
Maxim Kondratiev 0 0 0 0 2 1 0 2 0 0 0/0 16:23 0:43 2:19
Michal Grosek 0 0 0 -1 2 0 2 0 0 0 0/0 9:51 0:00 0:32
Mike Brown 0 0 0 0 0 1 0 0 0 0 0/1 10:30 0:00 0:00
Mike Richards 1 0 1 0 0 1 2 0 0 0 5/12 17:14 2:43 2:15
Paul Martin 0 0 0 0 0 1 0 2 0 0 0/0 26:55 3:02 4:55
Richard Jackman 0 0 0 0 0 1 0 0 1 1 0/0 17:20 2:25 1:20
Rick Nash 0 1 1 1 0 6 2 1 0 0 3/3 22:30 3:27 4:48
Robert Dome 0 0 0 0 2 2 3 0 0 0 0/0 11:40 0:00 0:51
Sean Bergenheim 0 0 0 0 0 3 3 0 0 0 0/0 17:26 2:43 2:27
Shawn Horcoff 0 0 0 0 0 1 2 1 1 0 1/3 10:40 0:06 0:00
Shea Weber 0 0 0 0 2 1 4 5 0 3 0/0 26:16 3:02 3:39
Teemu Selanne 0 1 1 0 0 1 1 1 0 0 0/2 14:47 2:43 0:00
3 Stars
1 - Jonathan Quick (Det)
2 - Kris Vernarsky (Nas)
3 - Jason Spezza (Det)
Power Play
Predators - 0 on 4 Attempt(s) - 0,00%
Red Wings - 1 on 4 Attempt(s) - 25,00%
Penalty Kill
Predators - 3 on 4 Attempt(s) - 75,00%
- Score 0 goal in Penalty Kill
Red Wings - 4 on 4 Attempt(s) - 100,00%
- Score 0 goal in Penalty Kill
Official
Referees : Jackson Dave and Watson Brad
Linesman : Derek Amell and Scott Cherrey
Game Notes
No Game Note
Finance
Level 1 -- Attendance: 6000 (100,00%) -- Ticket Income 450 000 $
Level 2 -- Attendance: 5000 (100,00%) -- Ticket Income 225 000 $
Level 3 -- Attendance: 2000 (100,00%) -- Ticket Income 50 000 $
Level 4 -- Attendance: 4000 (100,00%) -- Ticket Income 72 000 $
Luxury Box -- Attendance: 1000 (100,00%) -- Ticket Income 150 000 $
Game was played at the Joe Louis Arena
Total Attendance: 18000 (100,00%)
Total Ticket Income: 947 000 $
Other Income: 142 050 $
Total Income: 1 089 050 $
Predators
5 vs 5 Forward
Center Left Wing Right Wing Time % Phy DF OF
1 Joe Thornton Alexander Ovechkin Michael Grabner 40 1 2 2
2 Josef Vasicek Alexander Steen Brad Boyes 30 1 2 2
3 Kris Vernarsky Oleg Saprykin Georges Laraque 20 1 2 2
4 Kris Vernarsky Oleg Saprykin David Van Der Gulik 10 1 2 2
5 vs 5 Defense
Defense Defense Time % Phy DF OF
1 Danny Richmond Alexander Edler 40 1 2 2
2 Ryan Mcdonagh Robyn Regehr 30 1 2 2
3 Oliver Ekman-Larsson Kent Huskins 20 1 2 2
4 Barret Jackman Paul Mara 10 1 2 2
PowerPlay Forward
Center Left Wing Right Wing Time % Phy DF OF
1 Joe Thornton Alexander Ovechkin Michael Grabner 60 1 2 2
2 Josef Vasicek Alexander Steen Brad Boyes 40 1 2 2
PowerPlay Defense
Defense Defense Time % Phy DF OF
1 Danny Richmond Alexander Edler 60 1 2 2
2 Ryan Mcdonagh Robyn Regehr 40 1 2 2
Penalty Kill 4 Players Forward
Center Wing Time % Phy DF OF
1 Alexander Ovechkin Georges Laraque 60 1 2 2
2 Joe Thornton Oleg Saprykin 40 1 2 2
Penalty Kill 4 Players Defense
Defense Defense Time % Phy DF OF
1 Danny Richmond Alexander Edler 60 1 2 2
2 Ryan Mcdonagh Robyn Regehr 40 1 2 2
Penalty Kill - 3 Players Forward
Forward Time % Phy DF OF
1 Alexander Ovechkin 60 1 2 2
2 Joe Thornton 40 1 2 2
Penalty Kill - 3 Players Defense
Defense Defense Time % Phy DF OF
1 Danny Richmond Alexander Edler 60 1 2 2
2 Ryan Mcdonagh Robyn Regehr 40 1 2 2
4 vs 4 Forward
Center Wing Time % Phy DF OF
1 Alexander Ovechkin Brad Boyes 60 1 2 2
2 Joe Thornton Alexander Steen 40 1 2 2
4 vs 4 Defense
Defense Defense Time % Phy DF OF
1 Danny Richmond Alexander Edler 60 1 2 2
2 Ryan Mcdonagh Robyn Regehr 40 1 2 2
Last Minutes Offensive
Center Left Wing Right Wing Defense Defense
Joe Thornton Alexander Ovechkin Georges Laraque Danny Richmond Alexander Edler
Last Minutes Defensive
Center Left Wing Right Wing Defense Defense
Joe Thornton Alexander Ovechkin Georges Laraque Danny Richmond Alexander Edler
Goaltenders
Starting : Steve Mason
Backup : Kari Lehtonen
Extra Forwards
Normal : Kris Vernarsky, Oleg Saprykin, Michael Grabner - PP : Kris Vernarsky, Oleg Saprykin - PK : Michael Grabner
Extra Defensemen
Normal : Barret Jackman, Kent Huskins, Paul Mara - PP : Barret Jackman - PK : Kent Huskins, Paul Mara
Penalty Shots
Alexander Ovechkin, Joe Thornton, Michael Grabner, Alexander Steen, Brad Boyes
Red Wings
5 vs 5 Forward
Center Left Wing Right Wing Time % Phy DF OF
1 Jason Spezza Rick Nash Martin Havlat 40 1 2 2
2 Mike Richards Sean Bergenheim Teemu Selanne 30 1 2 2
3 Shawn Horcoff Robert Dome Mike Brown 20 1 2 2
4 Brian Sutherby Michal Grosek Lee Stempniak 10 1 2 2
5 vs 5 Defense
Defense Defense Time % Phy DF OF
1 Shea Weber Paul Martin 40 1 2 2
2 Maxim Kondratiev Christian Laflamme 30 1 2 2
3 Christian Backman Richard Jackman 20 1 2 2
4 Richard Jackman Shea Weber 10 1 2 2
PowerPlay Forward
Center Left Wing Right Wing Time % Phy DF OF
1 Jason Spezza Rick Nash Martin Havlat 60 1 2 2
2 Mike Richards Sean Bergenheim Teemu Selanne 40 1 2 2
PowerPlay Defense
Defense Defense Time % Phy DF OF
1 Shea Weber Paul Martin 60 1 2 2
2 Richard Jackman Christian Backman 40 1 2 2
Penalty Kill 4 Players Forward
Center Wing Time % Phy DF OF
1 Jason Spezza Rick Nash 60 1 2 2
2 Mike Richards Sean Bergenheim 40 1 2 2
Penalty Kill 4 Players Defense
Defense Defense Time % Phy DF OF
1 Shea Weber Paul Martin 60 1 2 2
2 Maxim Kondratiev Christian Laflamme 40 1 2 2
Penalty Kill - 3 Players Forward
Forward Time % Phy DF OF
1 Jason Spezza 60 1 2 2
2 Mike Richards 40 1 2 2
Penalty Kill - 3 Players Defense
Defense Defense Time % Phy DF OF
1 Shea Weber Paul Martin 60 1 2 2
2 Maxim Kondratiev Christian Laflamme 40 1 2 2
4 vs 4 Forward
Center Wing Time % Phy DF OF
1 Jason Spezza Rick Nash 60 1 2 2
2 Mike Richards Teemu Selanne 40 1 2 2
4 vs 4 Defense
Defense Defense Time % Phy DF OF
1 Shea Weber Paul Martin 60 1 2 2
2 Richard Jackman Christian Backman 40 1 2 2
Last Minutes Offensive
Center Left Wing Right Wing Defense Defense
Jason Spezza Rick Nash Martin Havlat Shea Weber Paul Martin
Last Minutes Defensive
Center Left Wing Right Wing Defense Defense
Jason Spezza Rick Nash Martin Havlat Shea Weber Paul Martin
Goaltenders
Starting : Jonathan Quick
Backup : Scott Clemmensen
Extra Forwards
Normal : Shawn Horcoff, Sean Bergenheim, Teemu Selanne - PP : Shawn Horcoff, Teemu Selanne - PK : Robert Dome
Extra Defensemen
Normal : Maxim Kondratiev, Christian Backman, Richard Jackman - PP : Maxim Kondratiev - PK : Christian Laflamme, Richard Jackman
Penalty Shots
Jason Spezza, Rick Nash, Mike Richards, Martin Havlat, Sean Bergenheim
% Time on Ice - Predators
Lines # - Real PCT - Wanted PCT - Time Play
Normal Forward
1 - 34% - 40% - 15:13
2 - 34% - 30% - 15:06
3 - 19% - 20% - 8:32
4 - 14% - 10% - 6:09
Normal Defense
1 - 36% - 40% - 16:24
2 - 29% - 30% - 13:05
3 - 20% - 20% - 8:51
4 - 15% - 10% - 6:40
PP Forward
1 - 52% - 60% - 4:09
2 - 48% - 40% - 3:47
PP Defense
1 - 66% - 60% - 5:14
2 - 34% - 40% - 2:42
PK Forward
1 - 77% - 60% - 4:44
2 - 23% - 40% - 1:26
PK Defense
1 - 52% - 60% - 3:14
2 - 48% - 40% - 2:56
PK3 Forward
1 - 0% - 60%
2 - 0% - 40%
PK3 Defense
1 - 0% - 60%
2 - 0% - 40%
44 Forward
1 - 0% - 60%
2 - 0% - 40%
44 Defense
1 - 0% - 60%
2 - 0% - 40%
Last Minute Offensive - 0:54
Last Minute Defensive - 0:00
Total
Forward - 60:00
Defense - 60:00
|
% Time on Ice - Red Wings
Lines # - Real PCT - Wanted PCT - Time Play
Normal Forward
1 - 30% - 40% - 13:22
2 - 27% - 30% - 12:16
3 - 23% - 20% - 10:30
4 - 19% - 10% - 8:34
Normal Defense
1 - 40% - 40% - 18:05
2 - 33% - 30% - 14:58
3 - 22% - 20% - 9:59
4 - 4% - 10% - 1:40
PP Forward
1 - 56% - 60% - 3:27
2 - 44% - 40% - 2:43
PP Defense
1 - 49% - 60% - 3:02
2 - 51% - 40% - 3:08
PK Forward
1 - 72% - 60% - 5:41
2 - 28% - 40% - 2:15
PK Defense
1 - 62% - 60% - 4:56
2 - 38% - 40% - 3:00
PK3 Forward
1 - 0% - 60%
2 - 0% - 40%
PK3 Defense
1 - 0% - 60%
2 - 0% - 40%
44 Forward
1 - 0% - 60%
2 - 0% - 40%
44 Defense
1 - 0% - 60%
2 - 0% - 40%
Last Minute Offensive - 0:00
Last Minute Defensive - 1:12
Total
Forward - 60:00
Defense - 60:00
|
Play by Play
1st period
0:01 of 1st period - Jason Spezza wins face-off versus Joe Thornton in neutral zone.
0:04 of 1st period - Alexander Ovechkin is hit by Shea Weber and loses puck.
0:11 of 1st period - Wrist shot by Jason Spezza.
0:11 of 1st period - Stopped by Steve Mason without a rebound.
0:12 of 1st period - Josef Vasicek wins face-off versus Mike Richards in Predators zone.
0:16 of 1st period - Off-side.
0:17 of 1st period - Mike Richards wins face-off versus Josef Vasicek in neutral zone.
0:58 of 1st period - Minor Penalty to Robert Dome for Holding.
0:59 of 1st period - Jason Spezza wins face-off versus Joe Thornton in Red Wings zone.
1:26 of 1st period - Danny Richmond is hit by Shea Weber and loses puck.
1:37 of 1st period - Wrist shot by Mike Richards.
1:37 of 1st period - Shot Blocked by Danny Richmond.
1:39 of 1st period - Slapshot by Maxim Kondratiev.
1:39 of 1st period - Deflect By Sean Bergenheim.
1:39 of 1st period - Stopped by Steve Mason with a rebound.
2:58 of 1st period - Penalty to Robert Dome is over, Robert Dome is back on ice.
3:37 of 1st period - Oleg Saprykin is hit by Shea Weber and loses puck.
3:48 of 1st period - Michael Grabner is hit by Michal Grosek and loses puck.
4:39 of 1st period - Snap shot by Mike Richards.
4:39 of 1st period - Goal by Mike Richards - Predators : 0 - Red Wings : 1.
4:40 of 1st period - Jason Spezza wins face-off versus Josef Vasicek in neutral zone.
4:45 of 1st period - Snap shot by Jason Spezza.
4:45 of 1st period - Shot Misses the Net.
6:56 of 1st period - Michal Grosek is hit by Alexander Ovechkin and loses puck.
7:38 of 1st period - Mike Brown is hit by Josef Vasicek and loses puck.
7:51 of 1st period - Slapshot by Richard Jackman.
7:51 of 1st period - Shot Misses the Net.
7:53 of 1st period - Snap shot by Brian Sutherby.
7:53 of 1st period - Shot Misses the Net.
7:55 of 1st period - Snap shot by Michal Grosek.
7:55 of 1st period - Shot Blocked by Danny Richmond.
8:07 of 1st period - Martin Havlat is hit by Joe Thornton and loses puck.
8:46 of 1st period - Minor Penalty to Robyn Regehr for Roughing.
8:47 of 1st period - Jason Spezza wins face-off versus Alexander Ovechkin in Predators zone.
8:59 of 1st period - Snap shot by Jason Spezza.
8:59 of 1st period - Stopped by Steve Mason with a rebound.
9:03 of 1st period - Wrist shot by Rick Nash.
9:03 of 1st period - Stopped by Steve Mason without a rebound.
9:04 of 1st period - Alexander Ovechkin wins face-off versus Mike Richards in Predators zone.
9:35 of 1st period - Snap shot by Jason Spezza.
9:35 of 1st period - Shot Blocked by Danny Richmond.
10:13 of 1st period - Wrist shot by Alexander Ovechkin.
10:13 of 1st period - Shot Blocked by Jason Spezza.
10:46 of 1st period - Penalty to Robyn Regehr is over, Robyn Regehr is back on ice.
11:16 of 1st period - Wrist shot by Lee Stempniak.
11:16 of 1st period - Shot Misses the Net.
11:18 of 1st period - Slapshot by Richard Jackman.
11:18 of 1st period - Shot Misses the Net.
11:20 of 1st period - Wrist shot by Lee Stempniak.
11:20 of 1st period - Shot Blocked by Oleg Saprykin.
11:22 of 1st period - Wrist shot by Brian Sutherby.
11:22 of 1st period - Shot Blocked by Barret Jackman.
11:32 of 1st period - Maxim Kondratiev is hit by Alexander Ovechkin and loses puck.
12:03 of 1st period - Rick Nash is hit by Michael Grabner and loses puck.
12:36 of 1st period - Brad Boyes is hit by Sean Bergenheim.
12:40 of 1st period - Alexander Steen is hit by Teemu Selanne and loses puck.
13:36 of 1st period - Icing by Sean Bergenheim.
13:37 of 1st period - Brian Sutherby wins face-off versus Joe Thornton in Red Wings zone.
14:24 of 1st period - Slapshot by Alexander Steen.
14:24 of 1st period - Shot Misses the Net.
14:26 of 1st period - Slapshot by Oliver Ekman-Larsson.
14:26 of 1st period - Stopped by Jonathan Quick without a rebound.
14:27 of 1st period - Mike Richards wins face-off versus Josef Vasicek in Red Wings zone.
14:27 of 1st period - Mike Richards is hit by Oliver Ekman-Larsson.
14:37 of 1st period - Wrist shot by Josef Vasicek.
14:37 of 1st period - Shot Misses the Net.
14:39 of 1st period - Snap shot by Brad Boyes.
14:39 of 1st period - Stopped by Jonathan Quick without a rebound.
14:40 of 1st period - Joe Thornton wins face-off versus Jason Spezza in Red Wings zone.
14:53 of 1st period - Slapshot by Rick Nash.
14:53 of 1st period - Stopped by Steve Mason with a rebound.
14:58 of 1st period - Off-side.
14:59 of 1st period - Mike Richards wins face-off versus Josef Vasicek in neutral zone.
15:02 of 1st period - Snap shot by Sean Bergenheim.
15:02 of 1st period - Shot Misses the Net.
15:25 of 1st period - Danny Richmond is hit by Rick Nash and loses puck.
15:45 of 1st period - Wrist shot by Joe Thornton.
15:45 of 1st period - Stopped by Jonathan Quick without a rebound.
15:46 of 1st period - Shawn Horcoff wins face-off versus Joe Thornton in Red Wings zone.
16:34 of 1st period - Off-side.
16:35 of 1st period - Josef Vasicek wins face-off versus Mike Richards in neutral zone.
17:06 of 1st period - Wrist shot by Jason Spezza.
17:06 of 1st period - Deflect By Martin Havlat.
17:06 of 1st period - Stopped by Steve Mason without a rebound.
17:07 of 1st period - Jason Spezza wins face-off versus Joe Thornton in Predators zone.
17:08 of 1st period - Snap shot by Rick Nash.
17:08 of 1st period - Stopped by Steve Mason with a rebound.
17:42 of 1st period - Wrist shot by Oleg Saprykin.
17:42 of 1st period - Shot Misses the Net.
17:44 of 1st period - Slapshot by Danny Richmond.
17:44 of 1st period - Shot Misses the Net.
17:46 of 1st period - Slapshot by Alexander Edler.
17:46 of 1st period - Shot Misses the Net.
18:19 of 1st period - Richard Jackman is hit by Michael Grabner and loses puck.
18:34 of 1st period - Wrist shot by Kris Vernarsky.
18:34 of 1st period - Shot Misses the Net.
18:58 of 1st period - Off-side.
18:59 of 1st period - Josef Vasicek wins face-off versus Mike Richards in neutral zone.
19:12 of 1st period - Backhand shot by Josef Vasicek.
19:12 of 1st period - Shot Blocked by Maxim Kondratiev.
Goals for this period are 0 for Predators vs 1 for Red Wings.
Shots for this period are 3 for Predators vs 8 for Red Wings.
2nd period
0:01 of 2nd period - Joe Thornton wins face-off versus Jason Spezza in neutral zone.
0:28 of 2nd period - Sean Bergenheim is hit by Kris Vernarsky.
0:34 of 2nd period - Slapshot by Shea Weber.
0:34 of 2nd period - Shot Blocked by Georges Laraque.
0:49 of 2nd period - Wrist shot by Shea Weber.
0:49 of 2nd period - Shot Misses the Net.
0:51 of 2nd period - Slapshot by Robert Dome.
0:51 of 2nd period - Stopped by Steve Mason with a rebound.
0:53 of 2nd period - Snap shot by Shawn Horcoff.
0:53 of 2nd period - Stopped by Steve Mason with a rebound.
0:55 of 2nd period - Slapshot by Robert Dome.
0:55 of 2nd period - Shot Misses the Net.
0:57 of 2nd period - Snap shot by Robert Dome.
0:57 of 2nd period - Stopped by Steve Mason with a rebound.
0:59 of 2nd period - Wrist shot by Robert Dome.
0:59 of 2nd period - Shot Misses the Net.
2:03 of 2nd period - Snap shot by Brian Sutherby.
2:03 of 2nd period - Stopped by Steve Mason without a rebound.
2:04 of 2nd period - Jason Spezza wins face-off versus Josef Vasicek in Predators zone.
2:09 of 2nd period - Snap shot by Martin Havlat.
2:09 of 2nd period - Stopped by Steve Mason with a rebound.
2:11 of 2nd period - Wrist shot by Martin Havlat.
2:11 of 2nd period - Shot Misses the Net.
2:13 of 2nd period - Slapshot by Rick Nash.
2:13 of 2nd period - Deflect By Martin Havlat.
2:13 of 2nd period - Shot Misses the Net.
2:13 of 2nd period - Puck is out of play.
2:14 of 2nd period - Jason Spezza wins face-off versus Josef Vasicek in Predators zone.
2:20 of 2nd period - Minor Penalty to Danny Richmond for Interference.
2:21 of 2nd period - Alexander Ovechkin wins face-off versus Jason Spezza in Predators zone.
2:33 of 2nd period - Snap shot by Jason Spezza.
2:33 of 2nd period - Goal by Jason Spezza - Predators : 0 - Red Wings : 2.
2:34 of 2nd period - Jason Spezza wins face-off versus Joe Thornton in neutral zone.
2:43 of 2nd period - Snap shot by Rick Nash.
2:43 of 2nd period - Stopped by Steve Mason with a rebound.
2:45 of 2nd period - Snap shot by Paul Martin.
2:45 of 2nd period - Stopped by Steve Mason with a rebound.
2:47 of 2nd period - Slapshot by Shea Weber.
2:47 of 2nd period - Stopped by Steve Mason without a rebound.
2:48 of 2nd period - Jason Spezza wins face-off versus Joe Thornton in Predators zone.
3:13 of 2nd period - Mike Richards is hit by Alexander Edler and loses puck.
3:22 of 2nd period - Wrist shot by Georges Laraque.
3:22 of 2nd period - Shot Blocked by Shea Weber.
3:24 of 2nd period - Wrist shot by Georges Laraque.
3:24 of 2nd period - Shot Blocked by Shea Weber.
3:26 of 2nd period - Snap shot by Oleg Saprykin.
3:26 of 2nd period - Shot Blocked by Teemu Selanne.
3:38 of 2nd period - Snap shot by Josef Vasicek.
3:38 of 2nd period - Stopped by Jonathan Quick with a rebound.
3:40 of 2nd period - Slapshot by Kent Huskins.
3:40 of 2nd period - Deflect By Brad Boyes.
3:40 of 2nd period - Stopped by Jonathan Quick with a rebound.
3:42 of 2nd period - Snap shot by Josef Vasicek.
3:42 of 2nd period - Shot Blocked by Shea Weber.
4:02 of 2nd period - Snap shot by Jason Spezza.
4:02 of 2nd period - Shot Blocked by Alexander Ovechkin.
4:16 of 2nd period - Danny Richmond is hit by Michal Grosek and loses puck.
4:32 of 2nd period - Shea Weber is hit by Danny Richmond and loses puck.
4:49 of 2nd period - Wrist shot by Shawn Horcoff.
4:49 of 2nd period - Shot Blocked by Ryan Mcdonagh.
4:51 of 2nd period - Slapshot by Paul Martin.
4:51 of 2nd period - Shot Misses the Net.
5:30 of 2nd period - Snap shot by Josef Vasicek.
5:30 of 2nd period - Stopped by Jonathan Quick with a rebound.
6:32 of 2nd period - Minor Penalty to Alexander Steen for Slashing.
6:33 of 2nd period - Jason Spezza wins face-off versus Alexander Ovechkin in Predators zone.
7:02 of 2nd period - Snap shot by Sean Bergenheim.
7:02 of 2nd period - Shot Blocked by Georges Laraque.
8:30 of 2nd period - Slapshot by Alexander Edler.
8:30 of 2nd period - Shot Misses the Net.
8:32 of 2nd period - Penalty to Alexander Steen is over, Alexander Steen is back on ice.
8:44 of 2nd period - Snap shot by Josef Vasicek.
8:44 of 2nd period - Shot Blocked by Shawn Horcoff.
8:46 of 2nd period - Snap shot by Alexander Steen.
8:46 of 2nd period - Stopped by Jonathan Quick without a rebound.
8:47 of 2nd period - Josef Vasicek wins face-off versus Mike Brown in Red Wings zone.
9:05 of 2nd period - Josef Vasicek is hit by Robert Dome and loses puck.
9:12 of 2nd period - Minor Penalty to Brad Boyes for Roughing.
9:13 of 2nd period - Rick Nash wins face-off versus Alexander Ovechkin in Predators zone.
9:31 of 2nd period - Danny Richmond is hit by Martin Havlat and loses puck.
11:12 of 2nd period - Penalty to Brad Boyes is over, Brad Boyes is back on ice.
13:10 of 2nd period - Maxim Kondratiev is hit by Brad Boyes and loses puck.
14:00 of 2nd period - Kris Vernarsky is hit by Robert Dome and loses puck.
14:11 of 2nd period - Barret Jackman is hit by Brian Sutherby.
17:40 of 2nd period - Wrist shot by Martin Havlat.
17:40 of 2nd period - Shot Blocked by Oliver Ekman-Larsson.
17:42 of 2nd period - Slapshot by Maxim Kondratiev.
17:42 of 2nd period - Stopped by Steve Mason with a rebound.
17:57 of 2nd period - Robyn Regehr is hit by Mike Richards and loses puck.
18:16 of 2nd period - Wrist shot by Brian Sutherby.
18:16 of 2nd period - Shot Hit the Post.
18:18 of 2nd period - Wrist shot by Lee Stempniak.
18:18 of 2nd period - Stopped by Steve Mason with a rebound.
18:36 of 2nd period - Kris Vernarsky is hit by Rick Nash and loses puck.
19:10 of 2nd period - Snap shot by Mike Richards.
19:10 of 2nd period - Shot Blocked by Joe Thornton.
19:33 of 2nd period - Minor Penalty to Michal Grosek for Holding.
19:34 of 2nd period - Michael Grabner wins face-off versus Jason Spezza in Red Wings zone.
19:37 of 2nd period - Snap shot by Alexander Ovechkin.
19:37 of 2nd period - Shot Blocked by Maxim Kondratiev.
Goals for this period are 0 for Predators vs 1 for Red Wings.
Shots for this period are 4 for Predators vs 11 for Red Wings.
3rd period
0:01 of 3rd period - Joe Thornton wins face-off versus Jason Spezza in neutral zone.
0:51 of 3rd period - Backhand shot by Sean Bergenheim.
0:51 of 3rd period - Shot Misses the Net.
0:59 of 3rd period - Snap shot by Mike Richards.
0:59 of 3rd period - Shot Hit the Post.
1:23 of 3rd period - Christian Laflamme is hit by Josef Vasicek and loses puck.
1:33 of 3rd period - Penalty to Michal Grosek is over, Michal Grosek is back on ice.
1:38 of 3rd period - Maxim Kondratiev is hit by Alexander Ovechkin and loses puck.
1:59 of 3rd period - Slapshot by Georges Laraque.
1:59 of 3rd period - Stopped by Jonathan Quick without a rebound.
2:00 of 3rd period - Kris Vernarsky wins face-off versus Shawn Horcoff in Red Wings zone.
2:09 of 3rd period - Wrist shot by Mike Brown.
2:09 of 3rd period - Stopped by Steve Mason with a rebound.
2:11 of 3rd period - Slapshot by Richard Jackman.
2:11 of 3rd period - Stopped by Steve Mason without a rebound.
2:12 of 3rd period - Mike Richards wins face-off versus Joe Thornton in Predators zone.
2:25 of 3rd period - Wrist shot by Teemu Selanne.
2:25 of 3rd period - Stopped by Steve Mason with a rebound.
2:37 of 3rd period - Robyn Regehr is hit by Christian Backman and loses puck.
2:58 of 3rd period - Snap shot by Brian Sutherby.
2:58 of 3rd period - Stopped by Steve Mason with a rebound.
3:06 of 3rd period - Snap shot by Kris Vernarsky.
3:06 of 3rd period - Goal by Kris Vernarsky - Predators : 1 - Red Wings : 2.
3:07 of 3rd period - Jason Spezza wins face-off versus Joe Thornton in neutral zone.
3:33 of 3rd period - Danny Richmond is hit by Sean Bergenheim and loses puck.
4:18 of 3rd period - Slapshot by Rick Nash.
4:18 of 3rd period - Stopped by Steve Mason without a rebound.
4:19 of 3rd period - Joe Thornton wins face-off versus Jason Spezza in Predators zone.
4:35 of 3rd period - Snap shot by Jason Spezza.
4:35 of 3rd period - Shot Misses the Net.
4:58 of 3rd period - Snap shot by Alexander Ovechkin.
4:58 of 3rd period - Shot Blocked by Jason Spezza.
5:00 of 3rd period - Wrist shot by Joe Thornton.
5:00 of 3rd period - Shot Misses the Net.
5:02 of 3rd period - Wrist shot by Joe Thornton.
5:02 of 3rd period - Shot Misses the Net.
5:04 of 3rd period - Snap shot by Joe Thornton.
5:04 of 3rd period - Stopped by Jonathan Quick with a rebound.
5:06 of 3rd period - Slapshot by Michael Grabner.
5:06 of 3rd period - Stopped by Jonathan Quick without a rebound.
5:07 of 3rd period - Josef Vasicek wins face-off versus Mike Richards in Red Wings zone.
5:08 of 3rd period - Slapshot by Alexander Steen.
5:08 of 3rd period - Shot Misses the Net.
5:13 of 3rd period - Off-side.
5:14 of 3rd period - Josef Vasicek wins face-off versus Teemu Selanne in neutral zone.
5:21 of 3rd period - Slapshot by Ryan Mcdonagh.
5:21 of 3rd period - Deflect By Josef Vasicek.
5:21 of 3rd period - Shot Blocked by Paul Martin.
5:21 of 3rd period - Puck is out of play.
5:22 of 3rd period - Joe Thornton wins face-off versus Jason Spezza in Red Wings zone.
5:27 of 3rd period - Snap shot by Alexander Ovechkin.
5:27 of 3rd period - Shot Misses the Net.
5:29 of 3rd period - Snap shot by Alexander Ovechkin.
5:29 of 3rd period - Shot Misses the Net.
5:31 of 3rd period - Slapshot by Danny Richmond.
5:31 of 3rd period - Shot Blocked by Rick Nash.
5:33 of 3rd period - Snap shot by Alexander Ovechkin.
5:33 of 3rd period - Stopped by Jonathan Quick with a rebound.
5:35 of 3rd period - Wrist shot by Joe Thornton.
5:35 of 3rd period - Shot Misses the Net.
5:47 of 3rd period - Brad Boyes is hit by Mike Richards.
5:51 of 3rd period - Wrist shot by Josef Vasicek.
5:51 of 3rd period - Shot Blocked by Paul Martin.
6:20 of 3rd period - David Van Der Gulik is hit by Robert Dome and loses puck.
7:01 of 3rd period - Snap shot by Martin Havlat.
7:01 of 3rd period - Shot Misses the Net.
7:03 of 3rd period - Snap shot by Martin Havlat.
7:03 of 3rd period - Deflect By Jason Spezza.
7:03 of 3rd period - Stopped by Steve Mason without a rebound.
7:04 of 3rd period - Joe Thornton wins face-off versus Teemu Selanne in Predators zone.
7:15 of 3rd period - Wrist shot by Danny Richmond.
7:15 of 3rd period - Stopped by Jonathan Quick with a rebound.
7:42 of 3rd period - Wrist shot by Sean Bergenheim.
7:42 of 3rd period - Stopped by Steve Mason with a rebound.
8:08 of 3rd period - Wrist shot by Sean Bergenheim.
8:08 of 3rd period - Stopped by Steve Mason without a rebound.
8:09 of 3rd period - Jason Spezza wins face-off versus Joe Thornton in Predators zone.
9:11 of 3rd period - Alexander Steen is hit by Martin Havlat and loses puck.
9:30 of 3rd period - Slapshot by Alexander Ovechkin.
9:30 of 3rd period - Stopped by Jonathan Quick without a rebound.
9:31 of 3rd period - Joe Thornton wins face-off versus Shawn Horcoff in Red Wings zone.
9:34 of 3rd period - Snap shot by Joe Thornton.
9:34 of 3rd period - Deflect By Michael Grabner.
9:34 of 3rd period - Shot Misses the Net.
9:34 of 3rd period - Puck is out of play.
9:35 of 3rd period - Jason Spezza wins face-off versus Joe Thornton in Red Wings zone.
9:51 of 3rd period - Wrist shot by Rick Nash.
9:51 of 3rd period - Stopped by Steve Mason without a rebound.
9:52 of 3rd period - Josef Vasicek wins face-off versus Mike Richards in Predators zone.
9:52 of 3rd period - Josef Vasicek is hit by Shea Weber.
10:02 of 3rd period - Snap shot by Josef Vasicek.
10:02 of 3rd period - Shot Misses the Net.
10:07 of 3rd period - Minor Penalty to Shea Weber for Holding.
10:08 of 3rd period - Joe Thornton wins face-off versus Jason Spezza in Red Wings zone.
12:07 of 3rd period - Penalty to Shea Weber is over, Shea Weber is back on ice.
12:17 of 3rd period - Wrist shot by Shea Weber.
12:17 of 3rd period - Shot Blocked by Alexander Edler.
12:42 of 3rd period - Josef Vasicek is hit by Brian Sutherby and loses puck.
13:07 of 3rd period - Teemu Selanne is hit by Ryan Mcdonagh.
13:22 of 3rd period - Minor Penalty to Maxim Kondratiev for Holding.
13:23 of 3rd period - Joe Thornton wins face-off versus Jason Spezza in Red Wings zone.
13:29 of 3rd period - Snap shot by Alexander Ovechkin.
13:29 of 3rd period - Shot Misses the Net.
13:35 of 3rd period - Snap shot by Alexander Ovechkin.
13:35 of 3rd period - Stopped by Jonathan Quick with a rebound.
13:37 of 3rd period - Wrist shot by Michael Grabner.
13:37 of 3rd period - Stopped by Jonathan Quick without a rebound.
13:38 of 3rd period - Josef Vasicek wins face-off versus Jason Spezza in Red Wings zone.
13:45 of 3rd period - Snap shot by Alexander Steen.
13:45 of 3rd period - Shot Blocked by Shea Weber.
13:47 of 3rd period - Slapshot by Alexander Edler.
13:47 of 3rd period - Shot Misses the Net.
13:51 of 3rd period - Slapshot by Alexander Edler.
13:51 of 3rd period - Stopped by Jonathan Quick without a rebound.
13:52 of 3rd period - Jason Spezza wins face-off versus Joe Thornton in Red Wings zone.
14:29 of 3rd period - Slapshot by Alexander Edler.
14:29 of 3rd period - Stopped by Jonathan Quick without a rebound.
14:30 of 3rd period - Rick Nash wins face-off versus Joe Thornton in Red Wings zone.
15:22 of 3rd period - Penalty to Maxim Kondratiev is over, Maxim Kondratiev is back on ice.
15:45 of 3rd period - Alexander Edler is hit by Shawn Horcoff.
16:18 of 3rd period - Slapshot by Paul Martin.
16:18 of 3rd period - Shot Misses the Net.
16:48 of 3rd period - Robyn Regehr is hit by Sean Bergenheim and loses puck.
17:03 of 3rd period - Michael Grabner is hit by Shawn Horcoff and loses puck.
17:49 of 3rd period - Snap shot by Lee Stempniak.
17:49 of 3rd period - Shot Misses the Net.
17:51 of 3rd period - Wrist shot by Michal Grosek.
17:51 of 3rd period - Shot Blocked by Alexander Steen.
18:24 of 3rd period - Off-side.
18:25 of 3rd period - Joe Thornton wins face-off versus Mike Richards in neutral zone.
18:28 of 3rd period - Snap shot by Alexander Ovechkin.
18:28 of 3rd period - Stopped by Jonathan Quick without a rebound.
18:29 of 3rd period - Mike Richards wins face-off versus Joe Thornton in Red Wings zone.
19:01 of 3rd period - Predators, Steve Mason is pulled from the net.
19:05 of 3rd period - Snap shot by Joe Thornton.
19:05 of 3rd period - Stopped by Jonathan Quick without a rebound.
19:06 of 3rd period - John Tortorella call a timeout for Predators.
19:06 of 3rd period - Rick Nash wins face-off versus Joe Thornton in Red Wings zone.
19:15 of 3rd period - Snap shot by Rick Nash.
19:15 of 3rd period - Shot Misses the Net.
19:21 of 3rd period - Snap shot by Joe Thornton.
19:21 of 3rd period - Shot Blocked by Shea Weber.
19:23 of 3rd period - Slapshot by Joe Thornton.
19:23 of 3rd period - Stopped by Jonathan Quick with a rebound.
19:25 of 3rd period - Snap shot by Joe Thornton.
19:25 of 3rd period - Shot Misses the Net.
19:27 of 3rd period - Wrist shot by Joe Thornton.
19:27 of 3rd period - Stopped by Jonathan Quick without a rebound.
19:28 of 3rd period - Jason Spezza wins face-off versus Georges Laraque in Red Wings zone.
19:49 of 3rd period - Snap shot by Jason Spezza.
19:49 of 3rd period - Shot Misses the Net.
Goals for this period are 1 for Predators vs 0 for Red Wings.
Shots for this period are 15 for Predators vs 9 for Red Wings.
Output by the SimonT Hockey Simulator (STHS) for François Prévost -- Original Page W3C XHTML 1.0 Valid